 Dungeon Crawl Stone Soup version 0.19.1 (webtiles) character file.

3024 SQman the Cleaver (level 9, 0/79 HPs)
             Began as a Hill Orc Fighter on Dec 11, 2016.
             Was a Priest of Nemelex Xobeh.
             Slain by an orc warrior
             ... wielding a +0 hand axe
              (8 damage)
             ... on level 8 of the Dungeon.
             The game lasted 00:50:39 (7323 turns).

SQman the Cleaver (Hill Orc Fighter)                Turns: 7323, Time: 00:50:40

Health: 0/79       AC: 19    Str: 21    XL:     9   Next: 85%
Magic:  10/10      EV:  4    Int:  8    God:    Nemelex Xobeh [***...]
Gold:   369        SH: 10    Dex: 11    Spells: 0 memorised, 8 levels left

rFire  . . .     SeeInvis .     a - +6 war axe
rCold  . . .     Gourm    .     p - +1 plate armour
rNeg   . . .     Faith    .     c - +0 shield
rPois  .         Spirit   .     w - +0 helmet
rElec  .         Reflect  .     x - +1 cloak
rCorr  .         Harm     .     l - +0 pair of gloves
MR     .....                    q - +0 pair of boots
Stlth  ..........               (no amulet)
                                s - +4 ring of slaying
                                r - ring of stealth

@: drained
A: no striking features
a: Triple Draw, Renounce Religion, Convert to Beogh


You were on level 8 of the Dungeon.
You worshipped Nemelex Xobeh.
Nemelex Xobeh was most pleased with you.
You were not hungry.

You visited 1 branch of the dungeon, and saw 8 of its levels.
You also visited: Ossuary.

You collected 409 gold pieces.
You paid 40 gold pieces to Gozag.

Inventory:

Hand Weapons
 a - a +6 war axe (weapon)
Missiles
 e - 222 stones (quivered)
Armour
 c - a +0 shield (worn)
 l - a +0 pair of gloves (worn)
 o - +0 steam dragon scales
 p - a +1 plate armour (worn)
 q - a +0 pair of boots (worn)
 w - a +0 helmet (worn)
 x - a +1 cloak (worn)
Jewellery
 r - a ring of stealth (left hand)
 s - a +4 ring of slaying (right hand)
 F - an uncursed amulet of regeneration {unknown}
Wands
 C - a wand of lightning (1/15)
 G - a wand of polymorph (14/24)
Scrolls
 n - 3 scrolls of immolation
 u - a scroll of recharging
 y - a scroll of remove curse
Potions
 h - a potion of curing
 v - 2 potions of agility
 B - 3 potions of flight
Books
 g - a book of Conjurations

   Spells                             Type                      Level
   a - Magic Dart                     Conjuration                  1
   b - Searing Ray                    Conjuration                  2
   c - Dazzling Spray                 Conjuration/Hexes            3
   d - Fulminant Prism                Conjuration/Hexes            4
   e - Iskenderun's Mystic Blast      Conjuration                  4
   f - Iskenderun's Battlesphere      Conjuration/Charms           5
Miscellaneous
 b - a plain deck of destruction
 d - a plain deck of summoning
 m - a plain deck of summoning {drawn: 2}
 t - an ornate deck of summoning {drawn: 6}
Comestibles
 f - 2 bread rations
 i - 2 meat rations
 k - 3 fruits


   Skills:
 + Level 7.4(6.2) Fighting
 + Level 12.0(10.7) Axes
 + Level 0.1(0.0) Throwing
 + Level 6.2(5.0) Armour
 + Level 2.5(1.4) Dodging
 + Level 0.6(0.0) Stealth
 + Level 6.1(5.0) Shields
 + Level 2.5(1.5) Invocations
 + Level 0.2(0.0) Evocations


You had 8 spell levels left.
You didn't know any spells.

Dungeon Overview and Level Annotations

Branches:
Dungeon (8/15)             Temple (0/1) D:4
   Lair: D:8-11

Altars:
Gozag
Nemelex Xobeh
Ru
Yredelemnul
Zin


Message History

The orc warrior hits you with a hand axe.
* * * LOW HITPOINT WARNING * * *
The orc wizard gestures wildly while chanting.
The orc wizard flickers and vanishes!
You draw a card...
It is Foxfire.
You block the orc warrior's attack.
You slash the wyvern!
The wyvern is moderately wounded.
Your shield and plate armour prevent you from hitting the orc warrior.
The orc warrior hits you but does no damage.
Your wyvern completely misses the wyvern.
Your wyvern bites the wyvern! x2
The wyvern dies!
The wyvern's corpse disappears in a puff of smoke!
The orc priest invokes the aid of Beogh against you.
Beogh smites you!
* * * LOW HITPOINT WARNING * * *
You swap places.
The orc warrior hits you with a hand axe!
You die...
Your body disappears without a glow.

####### ###########
#.....# #.........#
#.....# #............
##...l@####.......<.###
#...lĀ§loc{o#.######.#
#....ll###{#...# #
....###### #.#.#.# .###
#c#.#.##.
$.########.#.#....
.........o{o..Zoo.
##.....(o#######
#......(.......


You could see an orc warrior, a centaur, an orc priest and 5 friendly wyverns.

Vanquished Creatures
  A troll (D:7)
  2 steam dragons
  2 ice beasts (D:5)
  A sky beast (D:7)
  An ogre (D:7)
  2 phantoms
  An elf zombie (Ossuary)
  A big kobold (D:7)
  2 bullfrogs
  A scorpion (D:7)
  3 killer bees (D:7)
  A howler monkey (D:6)
  A centaur zombie (Ossuary)
  The ghost of SQman the Firebug, a weakling DEFE of Elyvilon (D:4)
  5 crimson imps
  2 jellies
  Crazy Yiuf (D:7)
  3 hounds
  2 human zombies (Ossuary)
  A centaur skeleton (D:7)
  A gnoll shaman (D:7)
  A bullfrog skeleton (D:6)
  3 orc wizards
  A hell rat (D:8)
  4 worker ants
  A big kobold zombie (Ossuary)
  A hound zombie (D:8)
  4 gnolls
  7 adders
  A howler monkey skeleton (D:4)
  2 adder zombies
  2 adder skeletons (D:5)
  3 worms (D:3)
  A dart slug (D:1)
  2 leopard geckos
  11 orcs
  4 giant cockroaches
  6 goblins
  5 hobgoblins
  9 jackals
  10 kobolds
  5 quokkas
  A ball python (D:2)
  14 bats
  5 frilled lizards
  A goblin zombie (Ossuary)
  11 hobgoblin zombies (Ossuary)
  2 jackal skeletons (D:7)
  11 kobold zombies (Ossuary)
  4 orc zombies (Ossuary)
  7 rats
  2 rat zombies (Ossuary)
  2 bushes (D:7)
  5 fungi
  3 withered plants (D:7)
186 creatures vanquished.

Vanquished Creatures (collateral kills)
  Grinder (D:5)
  Prince Ribbit (D:5)
  Menkaure (D:5)
  A sky beast (D:6)
  A phantom (D:5)
  A scorpion (D:5)
  A centaur zombie (Ossuary)
  2 orc priests
  A gnoll shaman (D:4)
  A hound (D:5)
  2 mummies (Ossuary)
  3 gnolls (D:4)
  An adder (D:5)
  A worm (D:5)
  3 orcs
  A ball python (D:5)
  2 bats (D:2)
  A giant cockroach (D:2)
  A goblin (D:2)
  A quokka (D:5)
  A goblin zombie (Ossuary)
28 creatures vanquished.

Vanquished Creatures (others)
  A hound (D:8)
  A fungus (D:6)
2 creatures vanquished.

Grand Total: 216 creatures vanquished

Notes
Turn   | Place    | Note
-------+----------+-------------------------------------------
     0 | D:1      | SQman the Hill Orc Fighter began the quest for the Orb.
     0 | D:1      | Reached XP level 1. HP: 19/19 MP: 1/1
   114 | D:1      | Reached skill level 3 in Axes
   114 | D:1      | Reached XP level 2. HP: 23/27 MP: 2/2
   517 | D:1      | Reached XP level 3. HP: 33/33 MP: 3/3
  1003 | D:2      | Found an opulent altar of Gozag.
  1406 | D:2      | Became a worshipper of Gozag Ym Sagoz the Greedy
  1504 | D:2      | Reached XP level 4. HP: 40/40 MP: 4/4
  1627 | D:2      | Found a sparkling altar of Nemelex Xobeh.
  1627 | D:2      | Found a glowing silver altar of Zin.
  1637 | D:2      | Fell from the grace of Gozag
  1637 | D:2      | Became a worshipper of Nemelex Xobeh the Trickster
  1755 | D:2      | Received a gift from Nemelex Xobeh
  2438 | D:3      | Received a gift from Nemelex Xobeh
  2452 | D:3      | Reached * piety under Nemelex Xobeh
  2571 | D:3      | Found a faded altar of an unknown god.
  2917 | D:4      | Reached skill level 4 in Axes
  2951 | D:4      | Got an ancient ring mail
  2962 | D:4      | Identified the cursed +1 ring mail of Unreason {Stlth+} (You found it on level 4 of the Dungeon)
  2997 | D:4      | Received a gift from Nemelex Xobeh
  3173 | D:4      | Reached skill level 1 in Dodging
  3173 | D:4      | Reached XP level 5. HP: 42/46 MP: 5/5
  3348 | D:4      | Noticed SQman's ghost (weakling DEFE)
  3359 | D:4      | Killed SQman's ghost
  3364 | D:4      | Found a staircase to the Ecumenical Temple.
  3416 | D:4      | Was forgiven by Gozag
  3416 | D:4      | Reached skill level 5 in Axes
  3423 | D:4      | Reached XP level 6. HP: 32/52 MP: 6/6
  3956 | D:5      | Entered Level 5 of the Dungeon
  4034 | D:5      | Reached skill level 1 in Invocations
  4042 | D:5      | Noticed an ice beast
  4055 | D:5      | Killed an ice beast
  4055 | D:5      | Reached skill level 6 in Axes
  4073 | D:5      | Noticed a phantom
  4082 | D:5      | Killed a phantom
  4086 | D:5      | Reached XP level 7. HP: 24/60 MP: 6/8
  4094 | D:5      | Noticed Grinder
  4096 | D:5      | Reached ** piety under Nemelex Xobeh
  4102 | D:5      | Noticed Prince Ribbit
  4102 | D:5      | Killed Grinder
  4123 | D:5      | Killed Prince Ribbit
  4123 | D:5      | Reached skill level 7 in Axes
  4123 | D:5      | Reached skill level 5 in Shields
  4149 | D:5      | Received a gift from Nemelex Xobeh
  4386 | D:5      | Noticed Menkaure
  4392 | D:5      | Killed Menkaure
  4392 | D:5      | Reached skill level 5 in Fighting
  4412 | D:5      | Reached XP level 8. HP: 51/68 MP: 9/9
  4453 | D:5      | Reached skill level 8 in Axes
  4631 | D:5      | Reached skill level 5 in Armour
  4847 | D:6      | HP: 1/68 [something (6)]
  4951 | D:6      | Reached *** piety under Nemelex Xobeh
  5024 | D:6      | Received a gift from Nemelex Xobeh
  5120 | D:6      | Found a sand-covered staircase.
  5125 | Ossuary  | Entered an ossuary
  5236 | Ossuary  | Reached skill level 9 in Axes
  5603 | D:6      | Reached skill level 10 in Axes
  6056 | D:7      | Reached XP level 9. HP: 72/75 MP: 10/10
  6131 | D:7      | Found a sacrificial altar of Ru.
  6136 | D:7      | Noticed a troll
  6143 | D:7      | Killed a troll
  6211 | D:7      | Reached skill level 11 in Axes
  6253 | D:7      | Received a gift from Nemelex Xobeh
  6261 | D:7      | Found a basalt altar of Yredelemnul.
  6556 | D:7      | Found a runed door.
  6560 | D:7      | Noticed Crazy Yiuf
  6563 | D:7      | Killed Crazy Yiuf
  7277 | D:8      | Reached skill level 12 in Axes
  7290 | D:8      | Noticed a sun demon
  7323 | D:8      | Slain by an orc warrior

Skill      XL: |  1  2  3  4  5  6  7  8  9 |
---------------+----------------------------+-----
Axes           | 3 4 5 6 7 10 12 | 12.0
Fighting       | 4 5 7 |  7.4
Shields        | 4 5 6 |  6.1
Dodging        | 1 2 |  2.5
Armour         | 4 5 6 |  6.2
Invocations    | 1 2 |  2.5
Throwing       | |  0.1
Stealth        | |  0.6
Evocations     | |  0.2

Action                   |  1- 3 |  4- 6 |  7- 9 || total
-------------------------+-------+-------+-------++-------
Melee: War axe           |   108 |   137 |   308 ||   553
Throw: Stone             |     6 |     9 |       ||    15
Invok: Potion Petition   |     1 |       |       ||     1
Evoke: Deck              |       |     5 |    14 ||    19
       Wand              |       |       |     1 ||     1
  Use: Scroll            |     6 |    11 |    11 ||    28
       Potion            |     5 |     2 |     7 ||    14
  Eat: Bread ration      |     1 |       |     1 ||     2
       Meat ration       |       |     1 |     1 ||     2
       Fruit             |       |     1 |       ||     1
       Beef jerky        |       |       |     1 ||     1
       Chunk             |       |       |     1 ||     1
Armor: Scale mail        |    74 |    61 |    36 ||   171
       Plate armour      |       |       |    94 ||    94
Dodge: Dodged            |    56 |    58 |    38 ||   152
Block: Shield            |    86 |    85 |   105 ||   276
